 Dungeon Crawl Stone Soup version 0.30-a0-23-ge60ba3568b (webtiles) character file.

Game seed: 5649765464200725161

478 ytrimaz the Insei (level 7, -4/43 HPs)
             Began as an Octopode Transmuter on Aug 25, 2022.
             Killed from afar by an orc wizard (11 damage)
             ... with a puff of flame
             ... on level 4 of the Dungeon.
             The game lasted 00:03:58 (4042 turns).

ytrimaz the Insei (Octopode Transmuter)             Turns: 4042, Time: 00:03:59

Health: -4/43      AC:  1    Str:  9    XL:     7   Next: 11%
Magic:  10/11      EV: 13    Int: 17    God:
Gold:   176        SH:  0    Dex: 13    Spells: 6/12 levels left

rFire   . . .      SeeInvis .      - Unarmed
rCold   + + .      Faith    .    (no shield)
rNeg    . . .      Spirit   .    (helmet currently unavailable)
rPois   .          Reflect  .    h - amulet of the acrobat
rElec   .          Harm     .    g - ring of protection from cold
rCorr   .          Rampage  .    c - ring of protection from cold
Will    .....                    (no ring)
Stlth   ++........               (no ring)
HPRegen 0.14/turn                (no ring)
MPRegen 0.12/turn                (no ring)
                                 (no ring)
                                 (no ring)

@: confused, appendages, hasted, very quick
A: tentacle spike 3, almost no armour, amphibious, 8 rings, camouflage 1,
gelatinous body 1, (nimble swimmer 1), tentacles
a: End Transformation


You were on level 4 of the Dungeon.
One of your tentacles had grown a beastly spike.
You visited 1 branch of the dungeon, and saw 4 of its levels.

You collected 176 gold pieces.

Inventory:

Jewellery
 c - a ring of protection from cold (right tentacle)
 g - a ring of protection from cold (left tentacle)
 h - an amulet of the acrobat (around mantle)
Wands
 f - a wand of flame (7)
Potions
 a - a potion of attraction


   Skills:
 - Level 1.3 Fighting
 - Level 2.0 Dodging
 * Level 6.6 Unarmed Combat
 + Level 3.3 Spellcasting
 + Level 3.3 Transmutations


You had 6 spell levels left.
You knew the following spells:

 Your Spells              Type           Power      Damage    Failure   Level
a - Beastly Appendage     Tmut           28%        N/A       4%          1
b - Wereblood             Tmut           14%        N/A       7%          2
c - Spider Form           Tmut/Pois      8%         N/A       26%         3

Your spell library contained the following spells:

 Spells                   Type           Power      Damage    Failure   Level
 Necrotise                Necr           8%         1d4       17%         1
 Sublimation of Blood     Necr           2%         N/A       26%         2
 Vampiric Draining        Necr           2%         2d6       45%         3
 Ice Form                 Ice/Tmut       8%         N/A       65%         4
 Agony                    Necr           2%         N/A       99%         5
 Summon Hydra             Summ           1%         N/A       100%        7


Dungeon Overview and Level Annotations

Branches:
Dungeon (4/15)
 Temple: D:4-7

Altars:
Nemelex Xobeh
Sif Muna

Shops:
D:1 =   D:4 *


Innate Abilities, Weirdness & Mutations

One of your tentacles has grown a beastly spike.
You cannot wear most types of armour.
You are amphibious.
You can wear up to eight rings at the same time.
Your skin changes colour to match your surroundings (Stealth+).
Your rubbery body absorbs attacks. (AC +1, EV +1)
((You are camouflaged when in or above water. (Stealth+)))
You have tentacles for arms and can constrict up to eight enemies at once.


Message History

Unknown command.
It was a potion of cancellation.
Your magical effects are unravelling.
You feel magically purged.
You howl as the wereblood boils in your veins!
Your tentacle spike disappears.
You feel less confused.
Your primal bloodlust has ended.
Something barely misses you.
You feel yourself speed up.
You hear some strange, mumbled words.
Something tries to affect you, but you resist.
Unknown command.
Casting: Wereblood (safe; 7% risk of failure)
Confirm with . or Enter, or press ? or * to list all spells.
One of your tentacles grows a vicious spike.
You hear some strange, mumbled words.
You are confused.
You miss something. Your squeeze misses something.
You bump into the rock wall.
Something hits you.
* * * LOW HITPOINT WARNING * * *
You closely miss something.
Your tentacle spike misses something.
Your squeeze misses something.
Unknown command.
You barely miss something.
Your tentacle spike misses something.
Your squeeze misses something.
You hear some strange, mumbled words.
Something tries to affect you, but you resist.
You bump into the rock wall.
Something hits you.
* * * LOW HITPOINT WARNING * * *
You're too confused to move!
You barely miss something.
Your tentacle spike misses something.
Something hits you.
* * * LOW HITPOINT WARNING * * *
You barely miss something.
Your tentacle spike misses something.
Your squeeze misses something.
You bump into the rock wall.
You hear some strange, mumbled words.
A puff of flame appears from out of thin air!
The puff of flame hits you!
You die...

## ..
#########S#
#.!.$.)@{o#
#$#########
#.#
####.#####
.
##........#
#
#.........#
.
#..##.##..#
## #..##.#
..# .
#..#..# .#


You could see an orc and a ball python.

Vanquished Creatures
  Sigmund (D:3)
  Eustachio (D:4)
  An orc wizard (D:3)
  2 adders
  4 gnolls (D:3)
  A worm (D:2)
  5 orcs
  6 endoplasms
  5 giant cockroaches
  5 goblins
  7 hobgoblins
  5 jackals
  5 quokkas
  5 ball pythons
  4 bats
  3 frilled lizards
  7 kobolds
  3 rats
70 creatures vanquished.

Notes
Turn   | Place    | Note
-------+----------+-------------------------------------------
     0 | D:1      | ytrimaz the Octopode Transmuter began the quest for the
                  | Orb.
     0 | D:1      | Reached XP level 1. HP: 13/13 MP: 3/3
   195 | D:1      | Found Ytauss's Jewellery Boutique.
   208 | D:1      | Reached XP level 2. HP: 10/18 MP: 3/5
   720 | D:1      | Learned a level 2 spell: Wereblood
   869 | D:1      | Reached XP level 3. HP: 21/23 MP: 4/6
   911 | D:1      | Learned a level 3 spell: Spider Form
   975 | D:1      | Reached skill level 4 in Unarmed Combat
  1930 | D:2      | Reached XP level 4. HP: 28/28 MP: 5/7
  2415 | D:3      | Noticed Sigmund
  2704 | D:3      | Killed Sigmund
  2705 | D:3      | Reached skill level 5 in Unarmed Combat
  2705 | D:3      | Reached XP level 5. HP: 33/33 MP: 7/9
  2705 | D:3      | Reached XP level 6. HP: 38/38 MP: 7/10
  3416 | D:3      | Found a shimmering blue altar of Sif Muna.
  3417 | D:3      | Found a sparkling altar of Nemelex Xobeh.
  3474 | D:4      | Reached skill level 6 in Unarmed Combat
  3546 | D:4      | Noticed Eustachio
  3562 | D:4      | Killed Eustachio
  3563 | D:4      | Reached XP level 7. HP: 34/43 MP: 6/11
  3831 | D:4      | Found Pimaxt's Fire Supplies.
  3975 | D:4      | Identified a scroll of acquirement
  4004 | D:4      | Acquired 975 gold pieces
  4042 | D:4      | Killed from afar by an orc wizard

Illustrated notes

Levels and vault maps discovered:
D:1:      doesnt_arrival_eight_statues, layout_basic, serial_shops,
          shop_fountains
D:2:      layout_basic, grunt_ministairs_9
D:3:      layout_loops_ring, minitemple, uniq_sigmund
D:4:      layout_loops_corners, nicolae_shop_fire_sale [nicolae_sub_dead_trees],
          hangedman_decor_diamond_cutter, nicolae_figureground_pulse,
          uniq_eustachio, uniq_edmund

Skill      XL: |  1  2  3  4  5  6 |
---------------+-------------------+-----
Unarmed Combat | 4 5 6 |  6.6
Transmutations | 3 |  3.3
Spellcasting   | 3 |  3.3
Fighting       | |  1.3
Dodging        | |  2.0

Action                   |  1- 3 |  4- 6 |  7- 9 || total
-------------------------+-------+-------+-------++-------
Melee: Unarmed           |    88 |    60 |    28 ||   176
       Constrict         |    29 |    10 |     4 ||    43
       Tentacles         |    15 |     8 |     5 ||    28
       Kick              |    17 |     6 |     3 ||    26
       Punch             |     1 |     1 |     1 ||     3
 Cast: Beastly Appendage |    20 |    12 |     5 ||    37
       Wereblood         |     1 |       |     1 ||     2
Evoke: Wand              |       |     8 |       ||     8
  Use: Scroll            |     3 |     6 |     3 ||    12
       Potion            |       |     4 |     2 ||     6
 Stab: Sleeping          |     3 |     2 |     1 ||     6
Armor: Skin              |    10 |    37 |       ||    47
Dodge: Dodged            |    61 |    59 |     4 ||   124

Table legend: (Time is in decaauts)
 A = Elapsed time spent in this place.
 B = Non-inter-level travel time spent in this place.
 C = Inter-level travel time spent in this place.
 D = Time resting spent in this place.
 E = Time spent auto-exploring this place.
 F = Levels seen in this place.
 G = Mean time per level.
                   A        B        C        D        E       F      G
               +--------+--------+--------+--------+--------+-----+--------+
         Total |   4021 |   3937 |     84 |    242 |   3093 |   4 | 1005.2 |
       Dungeon |   4021 |   3937 |     84 |    242 |   3093 |   4 | 1005.2 |
               +--------+--------+--------+--------+--------+-----+--------+

Top non-repeatable levels by time:
     D:3: 1346 daAuts
     D:1: 1104 daAuts
     D:2: 1000 daAuts
     D:4: 569 daAuts
